 Dungeon Crawl Stone Soup version 0.16.1-2-g95b8d4c (webtiles) character file.

303 Akrius the Conjurer (level 6, -3/32 HPs)
             Began as a Deep Elf Conjurer on Mar 25, 2015.
             Slain by gw's ghost (12 damage)
             ... on level 4 of the Dungeon.
             The game lasted 00:14:15 (3094 turns).

Akrius the Conjurer (Deep Elf Conjurer)             Turns: 3094, Time: 00:14:15

Health: -3/32      AC:  9    Str:  6    XL:     6   Next: 15%
Magic:  11/21      EV: 14    Int: 21    God:
Gold:   135        SH:  0    Dex: 15    Spells: 3 memorised, 9 levels left

rFire  x . .     SeeInvis .     n - +3 dagger (protect)
rCold  + . .     Clarity  .     a - +0 robe
rNeg   . . .     SustAb   .     (no shield)
rPois  .         Gourm    .     (no helmet)
rElec  .         Spirit   .     l - +1 cloak
rCorr  .         Warding  .     (no gloves)
rMut   .         Stasis   .     (no boots)
MR     .....                    (no amulet)
Stlth  ++........               (no ring)
                                f - ring of ice

@: about to teleport, not resistant to hostile enchantments, unstealthy
A: no striking features
a: no special abilities


You were on level 4 of the Dungeon.
You were not hungry.

You visited 1 branch of the dungeon, and saw 4 of its levels.

You collected 135 gold pieces.

Inventory:

Hand weapons
 n - a +3 dagger of protection (weapon)
Armour
 a - a +0 robe (worn)
 l - a +1 cloak (worn)
Jewellery
 f - a ring of ice (left hand)
Scrolls
 d - 3 scrolls of recharging {unknown}
 s - 2 scrolls of enchant armour {unknown}
 t - 3 scrolls of identify {unknown}
 w - a scroll of immolation {unknown}
Potions
 h - a potion of heal wounds {unknown}
 j - a potion of degeneration {unknown}
 m - a potion of might {unknown}
 p - a potion of haste {unknown}
 q - a potion of curing
 r - a potion of berserk rage {unknown}
 u - a potion of lignification {unknown}
 v - a potion of ambrosia {unknown}
Books
 c - a book of Conjurations

   Spells                             Type                      Level
   a - Magic Dart                     Conjuration                  1
   b - Searing Ray                    Conjuration                  2
   c - Dazzling Spray                 Conjuration/Hexes            3
   d - Fulminant Prism                Conjuration/Hexes            4
   e - Iskenderun's Mystic Blast      Conjuration                  4
   f - Iskenderun's Battlesphere      Conjuration/Charms           5
Comestibles
 b - 5 fruits
 k - 2 meat rations
 x - a bread ration


   Skills:
 + Level 4.5 Dodging
 - Level 2.4 Stealth
 + Level 5.0 Spellcasting
 * Level 6.5 Conjurations


You had 9 spell levels left.
You knew the following spells:

 Your Spells              Type           Power        Failure   Level  Hunger
a - Magic Dart            Conj           ####         1%          1    None
b - Searing Ray           Conj           ####..       1%          2    None
c - Dazzling Spray        Conj/Hex       ###.....     10%         3    ##.....


Dungeon Overview and Level Annotations

Branches:
Dungeon (4/15)
 Temple: D:4-7

Altars:
Fedhas

Annotations:
D:4 Menkaure; gw's ghost, average HOFi


Message History

Read which item? (? for menu, Esc to quit)
As you read the scroll labeled GOMAOTHR UBALLU, it crumbles to dust.
You assume a fearsome visage.
Gw's ghost is unaffected.
It was a scroll of fear.
You feel sick. Gw's ghost hits you!
Ouch! That really hurt!
* * * LOW HITPOINT WARNING * * *
Drink which item? (? for menu, Esc to quit)
It was a potion of curing.
You feel better. Gw's ghost hits you.
* * * LOW HITPOINT WARNING * * *
Read which item? (? for menu, Esc to quit)
As you read the scroll labeled SUIWUE DOCZAH, it crumbles to dust.
It is a scroll of enchant weapon.
Enchant which weapon? (? for menu, Esc to quit)
Your +2 dagger of protection glows red for a moment.
Gw's ghost closely misses you.
Read which item? (? for menu, Esc to quit)
As you read the scroll labeled MIRURY TESIY, it crumbles to dust.
You feel strangely unstable.
It was a scroll of teleportation.
Gw's ghost hits you!
You die...

### ..... ...#..
#... #.?.... ####
#......# #......#
#.....## ##
##......# #.
#..W>...### ##
##.@.......# #.
#...####......#####.
#...# ...... #...#
#.... #...# #..#
#...## #... #....##
##..# #.....#####
###..##
##.........####....#


You could see gw's ghost.

Vanquished Creatures
  A worker ant (D:4)
  A giant frog skeleton (D:4)
  An orc wizard (D:3)
  Terence (D:3)
  7 adders
  5 gnolls
  3 worms
  3 orcs
  6 bats
  8 giant cockroaches
  9 goblins
  7 hobgoblins
  5 giant geckos
  7 giant newts
  10 kobolds
  12 rats
86 creatures vanquished.

Notes
Turn   | Place    | Note
--------------------------------------------------------------
     0 | D:1      | Akrius, the Deep Elf Conjurer, began the quest for the Orb.
     0 | D:1      | Reached XP level 1. HP: 10/10 MP: 5/5
   183 | D:2      | Reached XP level 2. HP: 15/15 MP: 4/8
   661 | D:1      | Reached XP level 3. HP: 19/19 MP: 9/11
   788 | D:1      | Reached skill level 5 in Conjurations
  1137 | D:2      | Learned a level 2 spell: Searing Ray
  1141 | D:2      | Learned a level 3 spell: Dazzling Spray
  1474 | D:2      | Found a blossoming altar of Fedhas.
  1614 | D:3      | Reached XP level 4. HP: 24/24 MP: 10/15
  1659 | D:3      | Noticed Terence
  1674 | D:3      | Killed Terence
  2406 | D:3      | Reached XP level 5. HP: 28/28 MP: 18/18
  2572 | D:4      | Noticed Menkaure
  2656 | D:4      | Reached skill level 6 in Conjurations
  2932 | D:4      | Reached XP level 6. HP: 17/32 MP: 11/20
  3087 | D:4      | Noticed gw's ghost (average HOFi)
  3087 | D:4      | Reached skill level 5 in Spellcasting
  3094 | D:4      | Slain by gw's ghost

Action                   |  1- 3 |  4- 6 || total
-------------------------+-------+-------++-------
Melee: Unarmed           |     1 |       ||     1
       Dagger            |    26 |    25 ||    51
 Cast: Magic Dart        |    66 |    96 ||   162
       Searing Ray       |     1 |     3 ||     4
       Dazzling Spray    |       |     3 ||     3
  Use: Scroll            |       |     4 ||     4
       Potion            |       |     1 ||     1
 Stab: Sleeping          |       |     5 ||     5
  Eat: Chunk             |     1 |     1 ||     2
       Bread ration      |       |     1 ||     1
